 Dungeon Crawl Stone Soup version 0.24-a0-342-gad4687c (webtiles) character file.

Game seed: 9143850542900522872

6 CanOfBees the Sneak (level 1, -2/9 HPs)
             Began as a Spriggan Enchanter on May 22, 2019.
             Slain by a leopard gecko (4 damage)
             ... on level 1 of the Dungeon.
             The game lasted 00:01:00 (222 turns).

CanOfBees the Sneak (Spriggan Enchanter)             Turns: 222, Time: 00:01:01

Health: -2/9       AC:  3    Str:  4    XL:     1   Next: 75%
Magic:  5/5        EV: 18    Int: 16    God:
Gold:   6          SH:  0    Dex: 16    Spells: 4/5 levels left

rFire    . . .     SeeInvis +   a - +1 dagger
rCold    . . .     Gourm    .   (shield restricted)
rNeg     . . .     Faith    .   b - +0 robe
rPois    .         Spirit   .   (helmet restricted)
rElec    .         Reflect  .   i - +0 cloak
rCorr    .         Harm     .   (gloves unavailable)
MR       .....                  (boots unavailable)
Stlth    +++.......             (no amulet)
HPRegen  0.03/turn              (no ring)
MPRegen  0.09/turn              (no ring)

@: very quick
A: very small, unfitting armour, see invisible, herbivore, speed 3, slow
metabolism 2
a: no special abilities


You were on level 1 of the Dungeon.
You were not hungry.

You visited 1 branch of the dungeon, and saw 1 of its levels.

You collected 6 gold pieces.

Inventory:

Hand Weapons
 a - a +1 dagger (weapon)
Missiles
 e - 16 arrows
 g - 46 stones (quivered)
Armour
 b - a +0 robe (worn)
 i - a +0 cloak (worn)
Scrolls
 c - a scroll of enchant armour {unknown}
 k - a scroll of teleportation {unknown}
Potions
 f - a potion of resistance {unknown}
 h - a potion of haste {unknown}
 j - 2 potions of curing {unknown}
Comestibles
 d - a ration


   Skills:
 + Level 1.3 Short Blades
 - Level 3.0 Dodging
 * Level 4.8 Stealth
 - Level 2.6 Spellcasting
 + Level 3.7 Hexes


You had 4 spell levels left.
You knew the following spells:

 Your Spells              Type           Power        Failure   Level  Hunger
a - Corona                Hex            ##.....      4%          1    #......

Your spell library contained the following spells:

 Spells                   Type           Power        Failure   Level  Hunger
 Confuse                  Hex            ##......     12%         3    ###....
 Tukima's Dance           Hex            ##......     12%         3    ###....
 Ensorcelled Hibernation  Hex/Ice        #.....       14%         2    ##.....
 Dazzling Spray           Conj/Hex       #.....       26%         3    ###....


Dungeon Overview and Level Annotations

Branches:
Dungeon (1/15)

Altars:


Innate Abilities, Weirdness & Mutations

You are very small and have problems with some larger weapons.
You are too small for most types of armour.
You have supernaturally acute eyesight. (SInv)
You are a herbivore.
You cover ground extremely quickly.
You need to consume almost no food.


Message History

The leopard gecko is moderately wounded.
The frilled lizard hisses angrily.
The leopard gecko barely misses you. The kobold hits you with a +0 dagger.
You see here a dagger.
The leopard gecko barely misses you. The leopard gecko misses you.
You barely miss the leopard gecko.
The leopard gecko is lightly wounded.
The leopard gecko misses you.
You barely miss the leopard gecko.
The leopard gecko is lightly wounded.
The leopard gecko bites you.
* * * LOW HITPOINT WARNING * * *
You hit the leopard gecko.
The leopard gecko is severely wounded.
The leopard gecko closely misses you.
You miss the leopard gecko.
The leopard gecko is severely wounded.
The leopard gecko bites you.
You die...

....####.##.....#.....##.##
...### ##...<#....###†#
.....# ..######..###...#
..##.#####.........#...###
.. #..†.#####.####...### ..
####..###..# ###........ ##
##.##..# ..######.
########..#.#######.####
.............lKl@.......
###########..######.####
..##...### #. ......(...#
#.# #######K#.## .#
#$...##..# ##.#....#
#.###.l..... #.. .###...


You could see a leopard gecko, a kobold and a frilled lizard.

Vanquished Creatures
  2 giant cockroaches (D:1)
  A kobold (D:1)
  A bat (D:1)
  A frilled lizard (D:1)
  A rat (D:1)
6 creatures vanquished.

Notes
Turn   | Place    | Note
-------+----------+-------------------------------------------
     0 | D:1      | CanOfBees the Spriggan Enchanter began the quest for the
                  | Orb.
     0 | D:1      | Reached XP level 1. HP: 9/9 MP: 5/5
   222 | D:1      | Slain by a leopard gecko

Levels and vault maps discovered:
D:1:      minmay_arrival_loop, layout_rooms, serial_park_tiny_2

Action                   || total
-------------------------++-------
Melee: Dagger            ||    34
 Stab: Sleeping          ||     1
Armor: Robe              ||     1
Dodge: Dodged            ||    31

Table legend:
 A = Non-vault XP
 B = Vault XP
 C = Vault XP percentage of total XP
 D = Non-vault monster count
 E = Vault monster count
 F = Vault count percentage of total count
                 A         B        C        D         E       F
            +---------+---------+-------+---------+---------+-------
      Total |       9 |       0 |   0.0 |       6 |       0 |   0.0
            +---------+---------+-------+---------+---------+-------
        D:1 |       9 |       0 |   0.0 |       6 |       0 |   0.0
            +---------+---------+-------+---------+---------+-------
